 Dungeon Crawl Stone Soup version 0.30-a0-920-g7493c07aab (webtiles) character file.

Game seed: 18151990482681721100

51 oldmanjim the Magician (level 4, -4/33 HPs)
             Began as a Djinni Conjurer on Mar 21, 2023.
             Slain by a goblin
             ... wielding a +0 club
             ... led by Robin
              (6 damage)
             ... on level 2 of the Dungeon.
             The game lasted 00:02:39 (992 turns).

oldmanjim the Magician (Djinni Conjurer)             Turns: 992, Time: 00:02:39

Health: -4/33      AC:  2    Str:  6    XL:     4   Next: 5%
Gold:   104        EV: 12    Int: 21    God:
                   SH:  0    Dex: 12

rFire   + + .      SeeInvis .    a - +0 dagger
rCold   x . .      Faith    .    (no shield)
rNeg    . . .      Spirit   .    k - +0 robe
rPois   ∞          Reflect  .    (no helmet)
rElec   .          Rampage  .    (no cloak)
rCorr   .                        (no gloves)
Will    .....                    (boots unavailable)
Stlth   ++                       (no amulet)
HPRegen 0.25/turn                (no ring)
MPRegen 0.00/turn                (no ring)

@: flying
A: sickness immunity, fire resistance 2, cold vulnerability 1, float, innate
caster, HP casting, extra vitality 1
a: no special abilities


You were on level 2 of the Dungeon.
You visited 1 branch of the dungeon, and saw 2 of its levels.

You collected 104 gold pieces.

Inventory:

Hand Weapons
 a - a +0 dagger (weapon)
Missiles
 d - 2 poisoned darts
 h - 7 boomerangs
 j - 20 stones
 m - 5 silver javelins
Armour
 k - a +0 robe (worn)
Scrolls
 b - a scroll of enchant weapon {unknown}
 e - a scroll of teleportation {unknown}
 f - 3 scrolls of fear {unknown}
 g - a scroll of identify {unknown}
 l - a scroll of vulnerability {unknown}
Potions
 c - a potion of haste {unknown}
 i - a potion of degeneration {unknown}


   Skills:
 + Level 1.7 Fighting
 + Level 3.1 Dodging
 - Level 1.5 Stealth
 + Level 3.6 Spellcasting


You knew the following spells:

 Your Spells              Type           Power      Damage    Failure   Level
a - Magic Dart            Conj           76%        1d6       2%          1
b - Searing Ray           Conj           38%        2d5       4%          2
c - Dazzling Flash        Conj/Hex       38%        N/A       9%          3
d - Fulminant Prism       Conj/Hex       9%         3d6       28%         4
e - Iskenderun's Mystic   Conj/Tloc      19%        2d6       28%         4
f - Summon Small Mammal   Summ           76%        N/A       2%          1
Your spell library was empty.

Dungeon Overview and Level Annotations

Branches:
Dungeon (2/15)

Altars:

Annotations:
D:2 Robin


Innate Abilities, Weirdness & Mutations

You are immune to sickness and miasma.
You are immune to poison.
Your flesh is very heat resistant. (rF++)
You are vulnerable to cold. (rC-)
You float through the air rather than walking.
You learn spells naturally, not from books.
Your magical power is your life essence.
You have superior vitality. (+4 MHP)


Message History

The hobgoblins go into a battle-frenzy!
You hear a shout!
The hobgoblin hits you but does no damage.
Robin throws the goblin at you! The goblin barely misses you.
The hobgoblin hits you.
Robin points. "Kill!"
Robin hits you from afar with a +4 heavy spear!
Your magical contamination has completely faded away.
The hobgoblin attacks as you move away! The hobgoblin barely misses you.
Robin throws the goblin at you! The goblin hits you with a dagger.
The goblin hits you but does no damage. The goblin attacks as you move away!
The goblin hits you but does no damage. The hobgoblin attacks as you move away!
The hobgoblin barely misses you. The goblin attacks as you move away!
The goblin misses you. The goblin hits you with a +0 dagger.
The goblin attacks as you move away! The goblin barely misses you.
The goblin attacks as you move away! The goblin hits you but does no damage.
The goblin attacks as you move away! The goblin closely misses you.
The goblin attacks as you move away! The goblin misses you.
The goblin no longer looks unusually strong. x2
The goblin attacks as you move away! The goblin misses you.
Robin roars a battlecry!
The goblins go into a battle-frenzy!
The hobgoblin no longer looks unusually strong.
The goblin attacks as you move away! The goblin closely misses you.
The hobgoblin no longer looks unusually strong.
Robin says, "Feeling lonely?"
The goblin attacks as you move away! The goblin barely misses you.
The goblin attacks as you move away! The goblin hits you but does no damage.
The goblin attacks as you move away! The goblin closely misses you.
The goblin attacks as you move away! The goblin hits you with a +0 club.
* * * LOW HITPOINT WARNING * * *
The goblin attacks as you move away! The goblin hits you with a +0 club.
* * * LOW HITPOINT WARNING * * *
The goblin attacks as you move away! The goblin completely misses you.
Robin roars a battlecry!
The hobgoblins go into a battle-frenzy!
The goblin attacks as you move away! The goblin barely misses you.
The goblin attacks as you move away! The goblin hits you with a +0 club.
You die...

.......†............>..
########.......#####.##
#.####### #.# #########.# #.#
... .........### ######.#
...#####.........# #......#
#................# #......##
#..........÷.....####......#<
###
#.......÷.gg@..............##
..# #..........g...............#
..###..........................#
..........gg...######...#......#
...............#### ###.....†..#
..................# ##.......#
#.........#.......# ##......#
###########.......# ##.....##
#.......# #####...


You could see Robin, 2 hobgoblins and 2 goblins.

Vanquished Creatures
  3 adders (D:2)
  4 ball pythons
  A bat (D:2)
  An endoplasm (D:2)
  2 giant cockroaches (D:2)
  5 goblins
  3 hobgoblins
  A quokka (D:2)
  A frilled lizard (D:1)
  A kobold (D:2)
  A rat (D:1)
23 creatures vanquished.

Notes
Turn   | Place    | Note
-------+----------+-------------------------------------------
     0 | D:1      | oldmanjim the Djinni Conjurer began the quest for the Orb.
     0 | D:1      | oldmanjim set off with the following spells memorised:
                  | Magic Dart, Searing Ray, Dazzling Flash, Fulminant Prism,
                  | Iskenderun's Mystic Blast.
     0 | D:1      | Reached XP level 1. HP: 15/15 MP: 0/0
     6 | D:1      | Noticed a minotaur skeleton
    12 | D:1      | Noticed a minotaur
    14 | D:1      | Noticed a ghoul
    14 | D:1      | Noticed a minotaur skeleton
    18 | D:1      | Noticed a tengu
    18 | D:1      | Noticed a draconian
    20 | D:1      | Noticed a formicid
   285 | D:1      | Reached XP level 2. HP: 21/22 MP: 0/0
   651 | D:2      | Reached skill level 1 in Fighting
   651 | D:2      | Reached XP level 3. HP: 23/27 MP: 0/0
   651 | D:2      | Learned a level 1 spell: Summon Small Mammal
   904 | D:2      | Reached XP level 4. HP: 32/33 MP: 0/0
   961 | D:2      | Noticed Robin
   989 | D:2      | HP: 1/33 [goblin/+0 club[Robin] (6)]
   992 | D:2      | Slain by a goblin

Illustrated notes

Levels and vault maps discovered:
D:1:      shiori_arrival_whats_in_store_for_you, layout_basic
D:2:      layout_basic, basic_altar, uniq_terence, uniq_robin

Skill      XL: |  1  2  3 |
---------------+----------+-----
Fighting       | 1 |  1.7
Dodging        | 3 |  3.1
Stealth        | |  1.5
Spellcasting   | |  3.6

Action                     |  1- 3 |  4- 6 || total
---------------------------+-------+-------++-------
   Cast: Magic Dart        |    46 |     4 ||    50
 Armour: Robe              |     3 |     6 ||     9
  Dodge: Dodged            |     3 |    14 ||    17

Table legend: (Time is in decaauts)
 A = Elapsed time spent in this place.
 B = Non-inter-level travel time spent in this place.
 C = Inter-level travel time spent in this place.
 D = Time resting spent in this place.
 E = Time spent auto-exploring this place.
 F = Levels seen in this place.
 G = Mean time per level.
                   A        B        C        D        E       F      G
               +--------+--------+--------+--------+--------+-----+--------+
         Total |    991 |    899 |     92 |      0 |    769 |   2 |  495.5 |
       Dungeon |    991 |    899 |     92 |      0 |    769 |   2 |  495.5 |
               +--------+--------+--------+--------+--------+-----+--------+

Top non-repeatable levels by time:
     D:1: 619 daAuts
     D:2: 371 daAuts
